 Dungeon Crawl Stone Soup version 0.29-a0-676-ga64570c (webtiles) character file.

Game seed: 1873471820956881717

4144 Dawnplanks the Cleaver (level 10, -7/84 HPs)
             Began as a Hill Orc Fighter on June 24, 2022.
             Was an Initiate of Beogh.
             Mangled by a boulder beetle (13 damage)
             ... on level 7 of the Dungeon.
             The game lasted 00:15:31 (7761 turns).

Dawnplanks the Cleaver (Hill Orc Fighter)           Turns: 7761, Time: 00:15:31

Health: -7/84      AC: 15    Str: 24    XL:     10   Next: 27%
Magic:  10/10      EV:  6    Int:  8    God:    Beogh [......]
Gold:   59         SH: 14    Dex: 10    Spells: 9/9 levels left

rFire   . . .      SeeInvis .   C - +4 hand axe
rCold   . . .      Faith    .   G - +0 kite shield
rNeg    + . .      Spirit   .   c - +1 plate armour {rN+}
rPois   .          Reflect  +   o - +0 helmet
rElec   .          Harm     .   (no cloak)
rCorr   .          Rampage  .   (no gloves)
Will    .....                   (no boots)
Stlth   ..........              p - amulet of reflection
HPRegen 0.24/turn               (no ring)
MPRegen 0.12/turn               (no ring)

@: no status effects
A: no striking features
a: Renounce Religion


You were on level 7 of the Dungeon.
You worshipped Beogh.
Beogh was noncommittal.
You visited 2 branches of the dungeon, and saw 8 of its levels.

You collected 288 gold pieces.
You spent 229 gold pieces at shops.

Inventory:

Hand Weapons
 a - a +4 spear
 C - a +4 hand axe (weapon)
Missiles
 g - a poisoned dart (quivered)
Armour
 c - a +1 plate armour of positive energy (worn)
 o - a +0 helmet (worn)
 G - a +0 kite shield (worn)
Jewellery
 f - an amulet of regeneration
 j - a ring of fire
 p - an amulet of reflection (around neck)
 u - an amulet of faith
 B - a ring of wizardry
 I - an amulet of the acrobat
Wands
 w - a wand of flame (6)
 E - a wand of iceblast (13)
Scrolls
 b - a scroll of amnesia
 e - a scroll of fog
 h - 3 scrolls of enchant armour {unknown}
 i - 4 scrolls of poison
 k - a scroll of summoning {unknown}
 q - a scroll of torment
 r - 3 scrolls of magic mapping {unknown}
 t - a scroll of brand weapon {unknown}
 y - 2 scrolls of vulnerability {unknown}
 A - 2 scrolls of enchant weapon {unknown}
 D - a scroll of noise {unknown}
 F - a scroll of fear {unknown}
Potions
 l - 2 potions of curing
 m - 2 potions of attraction
 n - a potion of resistance {unknown}
 s - a potion of haste
 v - 2 potions of mutation {unknown}
 x - 3 potions of lignification
 H - a potion of brilliance {unknown}


   Skills:
 + Level 6.6 Fighting
 * Level 14.2 Axes
 + Level 0.1 Throwing
 + Level 7.0 Armour
 + Level 1.5 Dodging
 + Level 1.1 Stealth
 + Level 7.0 Shields
 + Level 0.1 Evocations


You had 9 spell levels left.
You didn't know any spells.
Your spell library contained the following spells:

 Spells                   Type           Power      Damage    Failure   Level
 Apportation              Tloc           0%         N/A       100%        1
 Necrotize                Necr           0%         1d4       100%        1
 Summon Small Mammal      Summ           0%         N/A       100%        1
 Poisonous Vapours        Pois/Air       0%         N/A       100%        2
 Corpse Rot               Necr/Pois/Air  0%         N/A       100%        4


Dungeon Overview and Level Annotations

Branches:
Dungeon (7/15)             Temple (1/1) D:4

Altars:
Ashenzari
Cheibriados
Dithmenos
Elyvilon
Fedhas
Gozag
Hepliaklqana
Kikubaaqudgha
Makhleb
Nemelex Xobeh
Okawaru
Qazlal
Ru
Sif Muna
Trog
Uskayaw
Vehumet
Wu Jian
Xom
Yredelemnul
Zin
The Shining One

Shops:
D:3 ?   D:4 *   D:5 ?

Annotations:
D:4 2 transporters, Dega's ghost, novice SpHu
D:7 lyrin's ghost, novice KoSu


Message History

The boulder beetle is heavily wounded.
The boulder beetle bites you but does no damage.
You hit the boulder beetle but do no damage.
The boulder beetle is heavily wounded.
The boulder beetle bites you!!
You hit the boulder beetle but do no damage.
The boulder beetle is heavily wounded.
The boulder beetle bites you.
You hit the boulder beetle.
The boulder beetle is heavily wounded.
You hit the boulder beetle but do no damage.
The boulder beetle is heavily wounded.
The boulder beetle bites you!
You are too injured to fight recklessly!
You are too injured to fight recklessly!
You are too injured to fight recklessly!
You are too injured to fight recklessly!
You hit the boulder beetle but do no damage.
The boulder beetle is heavily wounded.
The boulder beetle bites you!
* * * LOW HITPOINT WARNING * * *
You hit the boulder beetle but do no damage.
The boulder beetle is heavily wounded.
You block the boulder beetle's attack.
You slash the boulder beetle!
The boulder beetle is severely wounded.
You block the boulder beetle's attack.
You slash the boulder beetle!
The boulder beetle is almost dead.
You hit the boulder beetle but do no damage.
The boulder beetle is almost dead.
The boulder beetle bites you!
* * * LOW HITPOINT WARNING * * *
You feel better. You block the boulder beetle's attack.
You hit the boulder beetle but do no damage.
The boulder beetle is almost dead.
The boulder beetle bites you!
* * * LOW HITPOINT WARNING * * *
You feel better. The boulder beetle bites you!
You die...

#.#.###..#### ## #.#.#
#..# # #.#.# #..###
#.#.# #....# #.#.#
#.##.# #.#.###.##.#
#.#...†)##.#
#.#####.##.#
######@.........#
######......B.....##°#
#............#######.#
#.####.#####.# #.# #
#.# #.# #.# #y##.#
#.####.### #.# #...#
#.##.....# #.# #<##
#.##.###.###.# #.#
#....# #.....# #.#


You could see a boulder beetle.

Vanquished Creatures
  A two-headed ogre (D:7)
  Grinder (D:4)
  Sigmund (D:4)
  A yak (D:7)
  A steam dragon (D:7)
  Menkaure (D:5)
  Edmund (D:4)
  An ice beast (D:6)
  A sky beast (D:6)
  4 black bears
  2 ogres
  A centaur (D:6)
  4 bullfrogs
  Blork the orc (D:4)
  A necrophage (D:4)
  A gnoll sergeant (D:7)
  2 elf skeletons (D:4)
  2 scorpions (D:5)
  10 wights (D:6)
  2 killer bees (D:6)
  3 hounds
  A gnoll shaman (D:7)
  A human zombie (D:4)
  A jelly (D:5)
  4 iguanas
  Ijyb (D:5)
  A human skeleton (D:4)
  Natasha (thrice) (D:2)
  An orc wizard (D:5)
  6 gnolls
  5 adders
  A white imp (D:7)
  3 ufetubi
  2 worms
  2 dart slugs
  11 orcs
  4 giant cockroaches
  3 goblins
  8 hobgoblins
  5 jackals
  A kobold (D:1)
  3 quokkas
  9 ball pythons
  9 bats
  4 frilled lizards
  An orc skeleton (D:4)
  An orc zombie (D:4)
  8 rats
141 creatures vanquished.

Vanquished Creatures (others)
  18 plants
18 creatures vanquished.

Grand Total: 159 creatures vanquished

Notes
Turn   | Place    | Note
-------+----------+-------------------------------------------
     0 | D:1      | Dawnplanks the Hill Orc Fighter began the quest for the
                  | Orb.
     0 | D:1      | Reached XP level 1. HP: 19/19 MP: 1/1
   143 | D:1      | Reached XP level 2. HP: 27/27 MP: 2/2
   153 | D:1      | Reached skill level 3 in Axes
   335 | D:1      | Reached XP level 3. HP: 33/33 MP: 3/3
   578 | D:2      | Found a faded altar of an unknown god.
   597 | D:2      | Noticed Natasha
   601 | D:2      | Killed Natasha
   602 | D:2      | Reached skill level 4 in Axes
   602 | D:2      | Reached XP level 4. HP: 29/40 MP: 4/4
  1124 | D:2      | Noticed Natasha
  1134 | D:2      | Killed Natasha
  1135 | D:2      | Reached skill level 5 in Axes
  1219 | D:2      | Noticed Natasha
  1227 | D:2      | Killed Natasha
  1228 | D:2      | Reached XP level 5. HP: 26/46 MP: 5/5
  1395 | D:3      | Found Rivurreph's Magic Scroll Emporium.
  1400 | D:3      | Bought a scroll of identify for 20 gold pieces
  1400 | D:3      | Bought a scroll of identify for 20 gold pieces
  1438 | D:3      | Found a hide-covered altar of Uskayaw.
  1501 | D:3      | Noticed a +0 dagger
  1501 | D:3      | Noticed a +0 hand axe
  2196 | D:4      | Noticed Sigmund
  2212 | D:4      | Killed Sigmund
  2213 | D:4      | Reached skill level 6 in Axes
  2213 | D:4      | Reached XP level 6. HP: 41/52 MP: 6/6
  2297 | D:4      | Found a transporter.
  2326 | D:4      | Noticed Blork the orc
  2339 | D:4      | Killed Blork the orc
  2340 | D:4      | Reached skill level 7 in Axes
  2572 | D:4      | Found a staircase to the Ecumenical Temple.
  2745 | D:4      | Noticed Edmund
  2761 | D:4      | Reached skill level 1 in Dodging
  2761 | D:4      | Reached XP level 7. HP: 32/60 MP: 7/7
  2769 | D:4      | Killed Edmund
  2770 | D:4      | Reached skill level 8 in Axes
  2968 | D:4      | Found a transporter.
  3158 | D:4      | Noticed Dega's ghost (novice SpHu)
  3298 | D:4      | Noticed Grinder
  3308 | D:4      | Paralysed by Grinder for 2 turns
  3310 | D:4      | Killed Grinder
  3311 | D:4      | Reached skill level 9 in Axes
  3311 | D:4      | Reached XP level 8. HP: 54/67 MP: 8/8
  3446 | D:4      | Found Watora Gaun's Assorted Antiques.
  3452 | D:4      | Bought a scroll of identify for 38 gold pieces
  3452 | D:4      | Bought a kite shield for 85 gold pieces
  3476 | Temple   | Entered the Ecumenical Temple
  3773 | D:5      | Entered Level 5 of the Dungeon
  3778 | D:5      | Reached skill level 10 in Axes
  4036 | D:5      | Noticed Ijyb
  4047 | D:5      | Reached skill level 5 in Fighting
  4047 | D:5      | Reached skill level 5 in Armour
  4049 | D:5      | Killed Ijyb
  4175 | D:5      | Noticed Menkaure
  4181 | D:5      | Killed Menkaure
  4182 | D:5      | Reached skill level 11 in Axes
  4182 | D:5      | Reached skill level 5 in Shields
  4205 | D:5      | Found Omi Hufasua's Magic Scroll Emporium.
  4315 | D:5      | Bought a scroll of identify for 22 gold pieces
  4315 | D:5      | Bought 2 scrolls of identify for 44 gold pieces
  4563 | D:6      | Reached XP level 9. HP: 57/74 MP: 9/9
  4690 | D:6      | Reached skill level 12 in Axes
  5596 | D:6      | Became a worshipper of Beogh the Brigand
  5632 | D:6      | Found an opulent altar of Gozag.
  5751 | D:6      | Reached skill level 13 in Axes
  6025 | D:6      | Found a burning altar of Makhleb.
  6025 | D:6      | Found a bloodstained altar of Trog.
  6025 | D:6      | Found a snail-covered altar of Cheibriados.
  6025 | D:6      | Found a sacrificial altar of Ru.
  6031 | D:6      | Found a glowing silver altar of Zin.
  6031 | D:6      | Found a broken altar of Ashenzari.
  6334 | D:6      | Found a hazy altar of Hepliaklqana.
  6334 | D:6      | Found a shadowy altar of Dithmenos.
  6399 | D:7      | Noticed a manticore
  6407 | D:7      | Noticed lyrin's ghost (novice KoSu)
  6922 | D:7      | Noticed a boulder beetle
  6933 | D:7      | Reached XP level 10. HP: 83/83 MP: 10/10
  6941 | D:7      | Noticed a two-headed ogre
  7392 | D:7      | Killed a two-headed ogre
  7393 | D:7      | Reached skill level 14 in Axes
  7393 | D:7      | Reached skill level 1 in Stealth
  7760 | D:7      | HP: 1/84 [boulder beetle (17)]
  7761 | D:7      | Mangled by a boulder beetle

Illustrated notes

Levels and vault maps discovered:
D:1:      dpeg_arrival_rooms_c, layout_basic
D:2:      layout_rooms, ebering_ecumenical_altar_box, minmay_splitting_lines,
          chequers_serial_rivers_room_a, uniq_natasha
D:3:      layout_loops_ring, dancing_weapons_uskayaw, serial_shops, shop,
          minmay_cut_off
D:4:      layout_loops_ring, minmay_temple_entry_hall,
          nicolae_ossuary_entry_catacombs, serial_shops, shop,
          gammafunk_ghost_gnarly_gnolls, minmay_door_square, grunt_tough_drop,
          uniq_blork_the_orc, uniq_grinder, uniq_sigmund, uniq_edmund
D:5:      layout_rooms, serial_shops, kennysheep_mini_moat, hex_tiny,
          guppyfry_early_lair_pool, uniq_ijyb, uniq_menkaure
D:6:      layout_basic, riverfiend_overflow_shadow_ancestor,
          mainiacjoe_overflow_six_doors_small, minmay_overflow_temple_hex,
          nicolae_concentric_dashed_squares_wild
D:7:      minmay_chambers_of_sevens, layout_loops_ring, gammafunk_ghost_arena
Temple:   chequers_temple_sunken

Skill      XL: |  1  2  3  4  5  6  7  8  9 10 |
---------------+-------------------------------+-----
Axes           | 3 4 5 6 7 9 11 13 14 | 14.2
Fighting       | 4 5 6 |  6.6
Armour         | 4 5 6 7 |  7.0
Shields        | 4 5 6 7 |  7.0
Dodging        | 1 |  1.5
Stealth        | 1 |  1.1
Throwing       | |  0.1
Evocations     | |  0.1

Action                   |  1- 3 |  4- 6 |  7- 9 | 10-12 || total
-------------------------+-------+-------+-------+-------++-------
Melee: War axe           |    77 |   132 |   163 |       ||   372
       Hand axe          |       |       |   121 |    63 ||   184
Throw: Dart              |       |       |     2 |       ||     2
       Throwing net      |       |       |       |     1 ||     1
Invok: Convert to Beogh  |       |       |     1 |       ||     1
Evoke: Wand              |       |     1 |       |     4 ||     5
  Use: Scroll            |       |     3 |     8 |     1 ||    12
       Potion            |       |       |     2 |     2 ||     4
 Stab: Held in net/web   |       |       |       |     1 ||     1
Armor: Scale mail        |    40 |    49 |    19 |       ||   108
       Plate armour      |       |       |    70 |    19 ||    89
       Chain mail        |       |       |    14 |       ||    14
Dodge: Dodged            |    36 |    42 |    41 |    11 ||   130
Block: Buckler           |    21 |    65 |    15 |       ||   101
       Reflection        |     1 |     2 |     1 |     2 ||     6
       Kite shield       |       |       |   163 |    31 ||   194

Table legend: (Time is in decaauts)
 A = Elapsed time spent in this place.
 B = Non-inter-level travel time spent in this place.
 C = Inter-level travel time spent in this place.
 D = Time resting spent in this place.
 E = Time spent auto-exploring this place.
 F = Levels seen in this place.
 G = Mean time per level.
                   A        B        C        D        E       F      G
               +--------+--------+--------+--------+--------+-----+--------+
         Total |   7834 |   7287 |    547 |    538 |   5495 |   8 |  979.2 |
       Dungeon |   7724 |   7182 |    542 |    538 |   5396 |   7 | 1103.4 |
        Temple |    110 |    106 |      4 |      0 |     98 |   1 |  110.0 |
               +--------+--------+--------+--------+--------+-----+--------+

Top non-repeatable levels by time:
     D:6: 2488 daAuts
     D:4: 1503 daAuts
     D:2: 913 daAuts
     D:3: 824 daAuts
     D:5: 763 daAuts
     D:7: 707 daAuts
     D:1: 522 daAuts
  Temple: 110 daAuts
